 Dungeon Crawl Stone Soup version 0.31.0-32-g396128a36d (webtiles) character file.

Game seed: 41759455815238896

820 coenern the Magician (level 7, -3/40 HPs)
             Began as a Deep Elf Conjurer on Apr 1, 2024.
             Was an Initiate of Gozag.
             Slain by a black bear (7 damage)
             ... on level 8 of the Dungeon.
             The game lasted 00:12:10 (4227 turns).

coenern the Magician (Deep Elf Conjurer)            Turns: 4227, Time: 00:12:12

Health: -3/40      AC:  5    Str:  6    XL:     7   Next: 63%
Magic:  10/18      EV: 13    Int: 23    God:    Gozag
Gold:   254        SH:  0    Dex: 13    Spells: 14/19 levels left

rFire   . . .        n - +4 quarterstaff (chaos)
rCold   . . .        (shield currently unavailable)
rNeg    . . .        a - +0 robe
rPois   .            q - +1 helmet
rElec   .            o - +0 cloak
rCorr   .            (no gloves)
SInv    .            (no boots)
Will    .....        (no amulet)
Stlth   ++           d - ring of flight
HPRegen 0.26/turn    (no ring)
MPRegen 0.16/turn

%: no passive effects
@: on blink cooldown, flying
A: no striking features
a: Renounce Religion, Potion Petition, Call Merchant, Bribe Branch


You were on level 8 of the Dungeon.
You worshipped Gozag.
Gozag was aware of your devotion.
You visited 2 branches of the dungeon, and saw 7 of its levels.

You collected 303 gold pieces.
You paid 49 gold pieces to Gozag.

Inventory:

Hand Weapons
 j - a +3 short sword
 n - a +4 quarterstaff of chaos (weapon)
Armour
 a - a +0 robe (worn)
 o - a +0 cloak (worn)
 q - a +1 helmet (worn)
Jewellery
 d - a ring of flight (left hand)
 h - a ring of protection from fire
Wands
 v - a wand of digging (9)
Scrolls
 e - a scroll of enchant armour {unknown}
 f - a scroll of enchant weapon {unknown}
 g - a scroll of fear {unknown}
 i - 3 scrolls of teleportation {unknown}
 k - a scroll of poison {unknown}
 l - 4 scrolls of identify {unknown}
 m - a scroll of vulnerability {unknown}
 r - a scroll of fog {unknown}
 t - 2 scrolls of noise {unknown}
 u - 2 scrolls of immolation {unknown}
 w - a scroll of blinking {unknown}
 x - a scroll of amnesia {unknown}
Potions
 b - 3 potions of magic
 c - 3 potions of curing
 p - 2 potions of cancellation {unknown}
 s - 3 potions of might {unknown}


   Skills:
 * Level 2.3 Fighting
 + Level 2.9 Staves
 + Level 3.8 Dodging
 + Level 3.8 Stealth
 * Level 6.6 Spellcasting
 * Level 6.6 Conjurations


You had 14 spell levels left.
You knew the following spells:

 Your Spells              Type           Power      Damage    Failure   Level
a - Magic Dart            Conj           100%       1d8       1%          1
b - Searing Ray           Conj           76%        2d7       1%          2
c - Blink                 Tloc           14%        N/A       12%         2

Your spell library contained the following spells:

 Spells                   Type           Power      Damage    Failure   Level
 Call Imp                 Summ           14%        N/A       12%         2
 Cigotuvi's Dreadful Rot  Necr/Alch/Air  14%        N/A       12%         2
 Fulminant Prism          Conj/Alch      11%        3d9       21%         4
 Iskenderun's Mystic Bla  Conj/Tloc      22%        2d6       21%         4
 Dispel Undead            Necr           7%         3d8       63%         4
 Martyr's Knell           Necr/Summ      7%         N/A       63%         4
 Death Channel            Necr           3%         N/A       100%        6


Dungeon Overview and Level Annotations

Branches:
Dungeon (5/15)             Temple (1/1) D:4            Lair (0/5) D:8

Altars:
Ashenzari
Cheibriados
Dithmenos
Fedhas
Gozag
Hepliaklqana
Kikubaaqudgha
Makhleb
Nemelex Xobeh
Qazlal
Ru
Sif Muna
Trog
Vehumet
Yredelemnul

Shops:
D:2 [:*   D:4 :


Message History

You catch the helpless bullfrog completely off-guard!
You hit the bullfrog.
The bullfrog is no longer distracted by gold.
The bullfrog gives a loud, deep croak!
The bullfrog seems to slow down.
The bullfrog is lightly wounded.
The bullfrog hits you.
The bullfrog is no longer moving slowly.
The bullfrog closely misses you. The bullfrog attacks as it pursues you!
The bullfrog hits you but does no damage.
The bullfrog hits you.
* * * LOW HITPOINT WARNING * * *
Okay, then.
Unknown command.
Unknown command.
Unknown command.
The bullfrog misses you. The bullfrog attacks as it pursues you!
The bullfrog closely misses you. The bullfrog hits you.
* * * LOW HITPOINT WARNING * * *
You completely miss the bullfrog.
The bullfrog is lightly wounded.
The bullfrog hits you but does no damage.
You barely miss the bullfrog.
The bullfrog is lightly wounded.
The bullfrog barely misses you.
The bullfrog hits you but does no damage.
You miss the bullfrog.
The bullfrog is lightly wounded.
The bullfrog barely misses you. The bullfrog hits you.
* * * LOW HITPOINT WARNING * * *
Unknown command.
Casting: Searing Ray (safe; 1% risk of failure)
Confirm with . or Enter, or press ? or * to list all spells.
You blink.
The bullfrog hits you.
* * * LOW HITPOINT WARNING * * *
The black bear bites you!
You die...
Your body crumbles into a pile of gold.

#.# #.# #.#.#.# #.# #.#####
#.#.#.# ######.###.#....
#.#>#.#
#...............###.#.#.#
........#..............#.#
.........##.#............#
##.####....ยง#..#.###.#.###
#.####..##F#..#.##....#
#........@h#..#.##..#.#
#.####..............#.#
##.##.#..#.##..#.#
#.##.#.........)#
..!####.####..#.##..###
........#.......##..# .....
..#####.#.##..#.##..#
.P...###.# #$#.##..#.##..#
...P...#.#####.#...........#


You could see a black bear and a bullfrog.

Vanquished Creatures
  A steam dragon (D:8)
  2 water moccasins (D:8)
  A centaur (D:5)
  A bombardier beetle (D:4)
  2 hounds (D:5)
  Crazy Yiuf (D:2)
  An iguana (D:4)
  An orc wizard (D:4)
  7 gnolls
  5 adders
  2 ufetubi (D:5)
  5 dart slugs
  10 orcs
  3 endoplasms
  3 giant cockroaches
  11 goblins
  5 hobgoblins
  6 kobolds
  5 quokkas
  10 ball pythons
  3 bats
  2 frilled lizards
  A rat (D:3)
88 creatures vanquished.

Notes
Turn   | Place    | Note
-------+----------+-------------------------------------------
     0 | D:1      | coenern the Deep Elf Conjurer began the quest for the Orb.
     0 | D:1      | Reached XP level 1. HP: 10/10 MP: 6/6
   356 | D:1      | Reached XP level 2. HP: 12/15 MP: 2/8
   359 | D:1      | Learned a level 2 spell: Searing Ray
   498 | D:1      | Reached skill level 5 in Conjurations
   826 | D:1      | Learned a level 2 spell: Blink
  1011 | D:1      | Reached XP level 3. HP: 19/19 MP: 7/9
  1176 | D:2      | Found Qux Dumoiss's General Store.
  1249 | D:2      | Found Qeygis's Book Shoppe.
  1309 | D:2      | Found a bloodstained altar of Trog.
  1584 | D:2      | Reached XP level 4. HP: 24/24 MP: 8/11
  1650 | D:2      | Found Jecomec's Antique Armour Boutique.
  1742 | D:2      | Found a runed translucent door.
  1743 | D:2      | Noticed Crazy Yiuf
  1752 | D:2      | Killed Crazy Yiuf
  1921 | D:3      | Found a burning altar of Makhleb.
  1925 | D:3      | Found a faded altar of an unknown god.
  2090 | D:3      | Reached skill level 1 in Fighting
  2099 | D:3      | Reached XP level 5. HP: 16/26 MP: 10/13
  2703 | D:4      | Reached skill level 5 in Spellcasting
  2957 | D:4      | Found Ruabud's Book Emporium.
  2976 | D:4      | Reached XP level 6. HP: 29/34 MP: 3/16
  3301 | D:4      | Found a snail-covered altar of Cheibriados.
  3327 | D:4      | Found a staircase to the Ecumenical Temple.
  3340 | Temple   | Entered the Ecumenical Temple
  3359 | Temple   | Became a worshipper of Gozag Ym Sagoz the Greedy
  3612 | D:5      | Entered Level 5 of the Dungeon
  3697 | D:5      | Reached skill level 1 in Staves
  4013 | D:5      | You are sucked into a shaft and drop 3 floors!
  4091 | D:8      | Noticed a steam dragon
  4107 | D:8      | Killed a steam dragon
  4108 | D:8      | Reached XP level 7. HP: 40/40 MP: 10/18
  4187 | D:8      | Found a staircase to the Lair.
  4227 | D:8      | Slain by a black bear

Illustrated notes

Levels and vault maps discovered:
D:1:      lightli_arrival_boilingwater, layout_basic
D:2:      layout_rooms, basic_altar, serial_shops, shop,
          nicolae_shop_statue_plus, shop, nicolae_the_louvre,
          uniq_crazy_yiuf_cottage
D:3:      layout_loops_ring, mainiacjoe_overflow_tiny_flanked,
          dreamdust_ecumenical_altar_statues
D:4:      layout_loops_ring, kennysheep_mini, minmay_temple_entry_wispy,
          serial_shops, shop, hangedman_decor_diamond_cutter
D:5:      layout_gridville, mainiacjoe_overflow_surrounded_room, serial_glass,
          glass_columns_a, glass_columns_a, hangedman_decor_growths
D:8:      layout_basic, due_lair_maze_entry_diamond
Temple:   nicolae_temple_bog_church

Skill      XL: |  1  2  3  4  5  6 |
---------------+-------------------+-----
Conjurations   | 5 6 |  6.6
Stealth        | 3 |  3.8
Spellcasting   | 4 5 6 |  6.6
Fighting       | 1 2 |  2.3
Staves         | 2 |  2.9
Dodging        | 3 |  3.8

Action                     |  1- 3 |  4- 6 |  7- 9 || total
---------------------------+-------+-------+-------++-------
  Melee: Unarmed           |     1 |       |       ||     1
         Quarterstaff      |     6 |    46 |     5 ||    57
   Cast: Magic Dart        |    63 |    46 |     2 ||   111
         Searing Ray       |     3 |    11 |     2 ||    16
         Blink             |       |       |     1 ||     1
    Use: Potion            |       |       |     1 ||     1
   Stab: Sleeping          |     1 |     1 |       ||     2
         Distracted        |       |       |     1 ||     1
 Armour: Robe              |     9 |    63 |    17 ||    89
  Dodge: Dodged            |    11 |    87 |    10 ||   108
